 Dungeon Crawl Stone Soup version 0.27-a0-1123-g2f9bb313c0 (webtiles) character file.

Game seed: 14051924262609882706

1806 Zeld the Shield-Bearer (level 9, -3/62 HPs)
             Began as an Octopode Fighter on May 3, 2021.
             Was an Initiate of Okawaru.
             Killed from afar by a white imp (13 damage)
             ... with a puff of frost
             ... on level 7 of the Dungeon.
             The game lasted 00:10:11 (10219 turns).

Zeld the Shield-Bearer (Octopode Fighter)          Turns: 10219, Time: 00:10:12

Health: -3/62      AC:  1    Str: 19    XL:     9   Next: 9%
Magic:  9/9        EV: 11    Int: 10    God:    Okawaru [......]
Gold:   366        SH: 10    Dex: 11    Spells: 8/8 levels left

rFire    . . .     SeeInvis .   a - +0 war axe
rCold    . . .     Faith    .   b - +0 kite shield
rNeg     + . .     Spirit   .   (helmet restricted)
rPois    .         Reflect  .   r - amulet of regeneration
rElec    .         Harm     .   e - ring of resist corrosion
rCorr    +         Rampage  .   j - ring of positive energy
Will     .....                  c - ring of flight
Stlth    ++........             (no ring)
HPRegen  1.20/turn              (no ring)
MPRegen  0.11/turn              (no ring)
                                (no ring)
                                (no ring)

@: flying
A: almost no armour, amphibious, 8 rings, camouflage 1, gelatinous body 1,
(nimble swimmer 1), tentacles
a: Renounce Religion


You were on level 7 of the Dungeon.
You worshipped Okawaru.
Okawaru was noncommittal.
You visited 2 branches of the dungeon, and saw 8 of its levels.

You collected 366 gold pieces.

Inventory:

Hand Weapons
 a - a +0 war axe (weapon)
Missiles
 m - 42 poisoned darts (quivered)
Armour
 b - a +0 kite shield (worn)
Jewellery
 c - a ring of flight (on tentacle)
 e - a ring of resist corrosion (left tentacle)
 j - a ring of positive energy (right tentacle)
 r - an amulet of regeneration (around mantle)
Wands
 i - a wand of flame (23)
 n - a wand of polymorph (15)
Scrolls
 p - a scroll of summoning
 q - 2 scrolls of teleportation
 w - 2 scrolls of noise {unknown}
 x - a scroll of enchant weapon {unknown}
 y - 3 scrolls of silence {unknown}
Potions
 d - 3 potions of heal wounds {unknown}
 f - a potion of magic {unknown}
 g - a potion of resistance {unknown}
 h - 4 potions of lignification {unknown}
 k - 2 potions of degeneration {unknown}
 o - 2 potions of attraction {unknown}
 s - a potion of brilliance {unknown}
 t - a potion of curing {unknown}
 u - a potion of flight {unknown}


   Skills:
 * Level 6.3 Fighting
 * Level 5.9 Axes
 - Level 6.0 Throwing
 - Level 3.0 Dodging
 * Level 6.3 Shields


You had 8 spell levels left.
You didn't know any spells.
Your spell library contained the following spells:

 Spells                   Type           Power      Damage    Failure   Level
 Static Discharge         Conj/Air       0%         N/A       87%         2
 Lesser Beckoning         Tloc           0%         N/A       98%         3
 Mephitic Cloud           Conj/Pois/Air  0%         N/A       98%         3
 Lightning Bolt           Conj/Air       0%         1d11      100%        5
 Orb of Destruction       Conj           0%         N/A       100%        7


Dungeon Overview and Level Annotations

Branches:
Dungeon (7/15)             Temple (1/1) D:5

Altars:
Cheibriados
Dithmenos
Elyvilon
Fedhas
Gozag
Makhleb
Nemelex Xobeh
Okawaru
Ru
Sif Muna
Trog
Vehumet
Wu Jian
Xom
Yredelemnul
Zin
Jiyva

Annotations:
D:5 3 runed translucent doors, ytrimaz's ghost, novice OpBr


Innate Abilities, Weirdness & Mutations

You cannot wear most types of armour.
You are amphibious.
You can wear up to eight rings at the same time.
Your skin changes colour to match your surroundings (Stealth+).
Your rubbery body absorbs attacks. (AC +1, EV +1)
((You are camouflaged near water. (Stealth+)))
You have tentacles for arms and can constrict up to eight enemies at once.


Message History

The orc priest shouts!
You hear a shout! x2
The orc priest invokes the aid of Beogh against you.
Beogh smites you!
You hear a shout!
A white imp comes into view.
The orc shouts!
The orc priest looks satisfied for a moment.
The white imp gestures at you. The puff of frost hits you.
You hit the orc priest. Your grab misses the orc priest.
The orc priest is moderately wounded.
You hit the orc. You block the orc priest's attack. The orc closely misses you.
The orc priest invokes the aid of Beogh against you.
You struggle to resist.
You closely miss the orc. Your grab misses the orc.
The orc is severely wounded.
Your shield prevents you from hitting the orc priest.
The orc priest invokes the aid of Beogh against you.
You struggle to resist.
The orc hits you with a +0 flail! The orc priest hits you with a +0 mace!
The orc hits you with a +0 flail!
Unknown command.
You are too injured to fight recklessly!
You are too injured to fight recklessly!
Unknown command.
You hit the orc priest but do no damage.
You grab the orc priest. You barely miss the orc. You hit the orc.
You kill the orc!
Okawaru accepts your kill.
You barely miss the orc priest.
You constrict the orc priest, but do no damage.
The white imp shouts, "Get thee hence, thou feckless boil-brained mendicant!"
The white imp gestures at you. The puff of frost hits you!
* * * LOW HITPOINT WARNING * * *
You block the orc priest's attack. The orc priest hits you with a +0 mace.
* * * LOW HITPOINT WARNING * * *
The orc barely misses you. The white imp gestures at you.
The puff of frost hits you!
You die...

..... ### ..... ##.# ##
..... ###..# ... ..#..#
###..#.## .... .#
#..###..####.# ......
.## #.....## #.##......
..###....## ##.@)5.....
....##..## ##.ooo......
.........####...........
.....###................
.....# ###..............
.....# ###............
..#..## ##...........
..##..# ##..####..)..
.####.## #...# .......


You could see 2 orc priests, a white imp and an orc.

Vanquished Creatures
  Sigmund (D:3)
  Edmund (D:4)
  A water moccasin (D:5)
  A necrophage (D:7)
  3 ogres
  A centaur (D:5)
  A kobold brigand (D:6)
  A bullfrog (D:6)
  A scorpion (D:5)
  3 electric eels (D:7)
  A howler monkey (D:6)
  A bullfrog zombie (D:6)
  2 bullfrog skeletons (D:6)
  4 orc priests
  A jelly (D:5)
  2 centaur zombies (D:5)
  Natasha (thrice) (D:3)
  2 orc wizards
  Ijyb (D:4)
  A hound skeleton (D:5)
  8 adders
  An ufetubus (D:6)
  2 adder skeletons (D:4)
  A worm (D:4)
  A dart slug (D:5)
  22 orcs
  9 endoplasms
  2 giant cockroaches
  6 goblins
  6 hobgoblins
  9 jackals
  5 quokkas
  6 ball pythons
  2 bats
  2 frilled lizards (D:2)
  9 kobolds
  6 rats
129 creatures vanquished.

Vanquished Creatures (others)
  A plant (D:7)
1 creature vanquished.

Grand Total: 130 creatures vanquished

Notes
Turn   | Place    | Note
-------+----------+-------------------------------------------
     0 | D:1      | Zeld the Octopode Fighter began the quest for the Orb.
     0 | D:1      | Reached XP level 1. HP: 16/16 MP: 1/1
   322 | D:1      | Reached XP level 2. HP: 15/21 MP: 2/2
   503 | D:1      | Reached XP level 3. HP: 19/26 MP: 3/3
  1681 | D:2      | Found a burning altar of Makhleb.
  1930 | D:2      | Reached XP level 4. HP: 23/32 MP: 4/4
  2423 | D:3      | Found a faded altar of an unknown god.
  2569 | D:3      | Noticed Natasha
  2573 | D:3      | Killed Natasha
  2712 | D:3      | Noticed Sigmund
  2727 | D:3      | Killed Sigmund
  2728 | D:3      | Reached XP level 5. HP: 22/38 MP: 5/5
  2728 | D:3      | Reached XP level 6. HP: 25/44 MP: 6/6
  3022 | D:3      | Found a shimmering blue altar of Sif Muna.
  3107 | D:3      | Noticed Natasha
  3121 | D:3      | Killed Natasha
  3278 | D:3      | Found a faded altar of an unknown god.
  3606 | D:3      | Noticed Natasha
  3608 | D:3      | Found a shimmering blue altar of Sif Muna.
  3614 | D:3      | Killed Natasha
  3927 | D:4      | You fall into a shaft and drop 2 floors!
  4006 | D:6      | Reached skill level 5 in Fighting
  4120 | D:6      | Reached skill level 5 in Shields
  4120 | D:6      | Reached XP level 7. HP: 45/50 MP: 7/7
  4311 | D:5      | Entered Level 5 of the Dungeon
  4644 | D:5      | Reached skill level 1 in Throwing
  5054 | D:4      | Identified the Compendium of Warped Confrontation
  5141 | D:4      | Noticed Edmund
  6047 | D:4      | Noticed Ijyb
  6549 | D:4      | Killed Edmund
  6550 | D:4      | Reached XP level 8. HP: 45/55 MP: 8/8
  6583 | D:4      | Killed Ijyb
  6584 | D:4      | Reached skill level 5 in Throwing
  7028 | D:5      | Found a runed translucent gate.
  7028 | D:5      | Found an opulent altar of Gozag.
  7031 | D:5      | Found a runed translucent gate.
  7031 | D:5      | Found a runed translucent gate.
  7032 | D:5      | Noticed ytrimaz's ghost (novice OpBr)
  7034 | D:5      | Noticed a boulder beetle
  7130 | D:5      | Found a shadowy altar of Dithmenos.
  7271 | D:5      | Found a sparkling altar of Nemelex Xobeh.
  7327 | D:5      | Found a staircase to the Ecumenical Temple.
  7448 | Temple   | Entered the Ecumenical Temple
  7460 | Temple   | Became a worshipper of Warmaster Okawaru
  8100 | D:6      | Found a shimmering altar of Xom.
  8139 | D:6      | Reached skill level 5 in Axes
  8758 | D:7      | Found a transporter.
  8779 | D:7      | Found a transporter.
  8797 | D:7      | Reached XP level 9. HP: 57/62 MP: 9/9
  9244 | D:7      | Reached * piety under Okawaru
 10219 | D:7      | Killed from afar by a white imp

Illustrated notes

Levels and vault maps discovered:
D:1:      minmay_arrival_four_loops, layout_loops_ring
D:2:      layout_basic, basic_altar
D:3:      layout_basic, nicolae_sif_muna_little_library,
          ebering_ecumenical_altar_hall, uniq_sigmund, uniq_natasha
D:4:      layout_cave_pools, kennysheep_generic_room_10, uniq_edmund, uniq_ijyb
D:5:      layout_basic, nemelex_spade_bored_becter,
          grunt_dithmenos_smoke_and_mirrors, lemuel_temple_firewalk_b,
          ebering_ghost_gozag, columned_hall_lemuel
D:6:      layout_loops_ring, nicolae_overflow_hidden_temple, minmay_door_square
D:7:      gammafunk_steamed_eel, layout_layer_cave
Temple:   pf_slimified_temple

Skill      XL: |  1  2  3  4  5  6  7  8 |
---------------+-------------------------+-----
Axes           | 3 4 5 |  5.9
Fighting       | 4 5 6 |  6.3
Shields        | 4 5 6 |  6.3
Throwing       | 4 6 |  6.0
Dodging        | |  3.0

Action                   |  1- 3 |  4- 6 |  7- 9 || total
-------------------------+-------+-------+-------++-------
Melee: War axe           |    75 |    53 |   138 ||   266
       Tentacles         |    21 |    11 |    40 ||    72
       Constrict         |    22 |    13 |    37 ||    72
Throw: Dart              |       |       |    13 ||    13
Evoke: Wand              |       |       |     5 ||     5
  Use: Potion            |       |     1 |     1 ||     2
       Scroll            |       |       |     5 ||     5
 Stab: Sleeping          |     7 |     5 |     3 ||    15
       Distracted        |       |     1 |       ||     1
Armor: Skin              |     2 |     1 |    11 ||    14
Dodge: Dodged            |    34 |    22 |    69 ||   125
Block: Kite shield       |    33 |    23 |    88 ||   144

Table legend: (Time is in decaauts)
 A = Elapsed time spent in this place.
 B = Non-inter-level travel time spent in this place.
 C = Inter-level travel time spent in this place.
 D = Time resting spent in this place.
 E = Time spent auto-exploring this place.
 F = Levels seen in this place.
 G = Mean time per level.
                   A        B        C        D        E       F      G
               +--------+--------+--------+--------+--------+-----+--------+
         Total |  10374 |   9781 |    593 |   2348 |   6235 |   8 | 1296.8 |
       Dungeon |  10249 |   9674 |    575 |   2348 |   6139 |   7 | 1464.1 |
        Temple |    124 |    106 |     18 |      0 |     96 |   1 |  124.0 |
               +--------+--------+--------+--------+--------+-----+--------+

Top non-repeatable levels by time:
     D:3: 2509 daAuts
     D:5: 1707 daAuts
     D:7: 1541 daAuts
     D:1: 1316 daAuts
     D:2: 1269 daAuts
     D:6: 1016 daAuts
     D:4: 888 daAuts
  Temple: 124 daAuts
